 Dungeon Crawl Stone Soup version 0.30-a0-1160-g6e42c06551 (webtiles) character file.

Game seed: 1214925528950263257

48 AleXD21137 the Chopper (level 3, 0/29 HPs)
             Began as a Demonspawn Monk on Apr 26, 2023.
             Slain by a goblin
             ... wielding a +0 dagger
             ... led by Robin
              (6 damage)
             ... on level 2 of the Dungeon.
             The game lasted 00:05:53 (924 turns).

AleXD21137 the Chopper (Demonspawn Monk)             Turns: 924, Time: 00:05:53

Health: 0/29       AC:  0    Str: 11    XL:     3   Next: 50%
Magic:  3/3        EV: 13    Int: 13    God:
Gold:   48         SH:  0    Dex: 15    Spells: 2/2 levels left

rFire   . . .        a - +0 hand axe
rCold   . . .        d - orb {light}
rNeg    . . .        (no body armour)
rPois   .            (no helmet)
rElec   .            (no cloak)
rCorr   .            (no gloves)
SInv    .            (no boots)
Will    .....        (no amulet)
Stlth   +            (no ring)
HPRegen 0.24/turn    (no ring)
MPRegen 0.08/turn

%: no passive effects
@: confused, mighty, ambrosia-drunk, glowing
A: foul stench 1
a: no special abilities


You were on level 2 of the Dungeon.
You visited 1 branch of the dungeon, and saw 2 of its levels.

You collected 48 gold pieces.

Inventory:

Hand Weapons
 a - a +0 hand axe (weapon)
Armour
 b - a +1 robe
 d - an orb of light (worn)
 i - the +7 chain mail of the Snake Pit {rN+ Str+3 Dex-2}
   (You found it on level 2 of the Dungeon)

   Str:       It affects your strength (+3).
   Dex:       It affects your dexterity (-2).
   rN:        It protects you from negative energy.


   Skills:
 + Level 3.4 Fighting
 + Level 3.5 Axes
 + Level 3.0 Dodging


You had 2 spell levels left.
You didn't know any spells.
Your spell library was empty.

Dungeon Overview and Level Annotations

Branches:
Dungeon (2/15)

Altars:

Annotations:
D:2 Robin


Innate Abilities, Weirdness & Mutations

You may rarely emit foul miasma when damaged in melee.


Message History

A hobgoblin comes into view.
It was a potion of curing.
You feel better.
A goblin comes into view. It is wielding a +0 club.
You feel very mighty all of a sudden. The goblin hits you with a +0 club.
You slash the goblin!
You kill the goblin!
You barely miss the goblin. The goblin hits you with a +0 club!
Robin throws the goblin at you! The hobgoblin closely misses you.
The goblin hits you with a +0 club!
* * * LOW HITPOINT WARNING * * *
The goblin barely misses you.
Things that are here:
a +0 club; 8 gold pieces You slash the hobgoblin!
You kill the hobgoblin!
You slash the goblin!
You kill the goblin!
You completely miss the goblin. Robin throws the goblin at you!
* * * LOW HITPOINT WARNING * * *
The goblin closely misses you.
Unknown command.
You completely miss the goblin. You slash the goblin!
You kill the goblin!
You slash the goblin!
You kill the goblin!
You hit the goblin. The goblin closely misses you.
The goblin barely misses you.
You slash the goblin!
You kill the goblin!
You slash the goblin!
You kill the goblin!
You barely miss the goblin. The goblin barely misses you.
Robin throws the goblin at you!
* * * LOW HITPOINT WARNING * * *
You are confused.
You feel invigorated.
A hobgoblin comes into view.
The goblin closely misses you. The goblin hits you with a +0 dagger.
You die...

### # #.) .. #
#.######.#
#.#.#..g@g...#
#.......))...#
#.......####g##
#.......+ .g
#.......# ...
####+#+#. .. ..
. ##


You could see Robin, a hobgoblin (wandering, strong) and 2 goblins.

Vanquished Creatures
  2 dart slugs (D:1)
  2 ball pythons (D:1)
  6 endoplasms (D:1)
  A giant cockroach (D:1)
  13 goblins
  4 hobgoblins
  4 kobolds
  2 bats (D:1)
  2 frilled lizards (D:1)
  3 rats (D:1)
39 creatures vanquished.

Notes
Turn   | Place    | Note
-------+----------+-------------------------------------------
     0 | D:1      | AleXD21137 the Demonspawn Monk began the quest for the Orb.
     0 | D:1      | Reached XP level 1. HP: 18/18 MP: 1/1
   113 | D:1      | Gained mutation: You may rarely emit foul miasma when
                  | damaged in melee. [demonic ancestry]
   113 | D:1      | Reached XP level 2. HP: 18/24 MP: 2/2
   520 | D:1      | Reached XP level 3. HP: 29/29 MP: 3/3
   890 | D:2      | Identified the +7 chain mail of the Snake Pit {rN+ Str+3
                  | Dex-2}
   914 | D:2      | Noticed Robin
   924 | D:2      | Slain by a goblin

Illustrated notes

Levels and vault maps discovered:
D:1:      matt_arrival_grand_opening, layout_loops_ring
D:2:      layout_basic, serial_shops, shop, uniq_robin, uniq_sigmund

Skill      XL: |  1  2 |
---------------+-------+-----
Axes           | 3 |  3.5
Dodging        | 3 |  3.0
Fighting       | |  3.4

Action                     || total
---------------------------++-------
  Melee: Hand axe          ||    62
    Use: Scroll            ||     4
         Potion            ||     4
 Armour: Robe              ||    19
  Dodge: Dodged            ||    53

Table legend: (Time is in decaauts)
 A = Elapsed time spent in this place.
 B = Non-inter-level travel time spent in this place.
 C = Inter-level travel time spent in this place.
 D = Time resting spent in this place.
 E = Time spent auto-exploring this place.
 F = Levels seen in this place.
 G = Mean time per level.
                   A        B        C        D        E       F      G
               +--------+--------+--------+--------+--------+-----+--------+
         Total |    933 |    933 |      0 |      0 |    396 |   2 |  466.5 |
       Dungeon |    933 |    933 |      0 |      0 |    396 |   2 |  466.5 |
               +--------+--------+--------+--------+--------+-----+--------+

Top non-repeatable levels by time:
     D:1: 867 daAuts
     D:2: 65 daAuts
